 Dungeon Crawl Stone Soup version 0.31-a0-165-g3f4f80340b (webtiles) character file.

Game seed: 7121790324434125636

364 qw the Shooter (level 6, -10/57 HPs)
             Began as a Naga Hunter on June 13, 2023.
             Mangled by an ogre
             ... wielding a +0 giant club
              (32 damage)
             ... on level 3 of the Dungeon.
             The game lasted 00:00:44 (1879 turns).

qw the Shooter (Naga Hunter)                        Turns: 1879, Time: 00:00:45

Health: -10/57     AC:  3    Str: 14    XL:     6   Next: 67%
Magic:  6/6        EV:  9    Int:  9    God:
Gold:   98         SH:  0    Dex: 16    Spells: 5/5 levels left

rFire   . . .        Y - +2 shortbow (drain)
rCold   + . .        (shield currently unavailable)
rNeg    . . .        c - +0 leather armour
rPois   +            (no helmet)
rElec   .            (no cloak)
rCorr   .            (no gloves)
SInv    +            (no barding)
Will    .....        (no amulet)
Stlth   ++           h - ring of protection from cold
HPRegen 0.29/turn    (no ring)
MPRegen 0.10/turn

%: no passive effects
@: short of breath, very slow
A: AC +2, large, see invisible, deformed body, poison resistance, slowness 2,
spit poison 1, naga tail 1
a: Spit Poison


You were on level 3 of the Dungeon.
You visited 1 branch of the dungeon, and saw 3 of its levels.

You collected 98 gold pieces.


Innate Abilities, Weirdness & Mutations

Your serpentine skin is tough. (AC +2)
You have supernaturally acute eyesight. (SInv)
Armour fits poorly on your strangely shaped body.
Your system is resistant to poisons. (rPois)
You cover ground very slowly.
You can spit poison.
You have a snake-like lower body.


   Skills:
 - Level 4.1 Fighting
 + Level 6.2 Ranged Weapons
 - Level 1.5 Dodging
 - Level 1.5 Stealth


You had 5 spell levels left.
You didn't know any spells.
Your spell library was empty.

Inventory:

Hand Weapons
 Y - a +2 shortbow of draining (weapon)
Armour
 c - a +0 leather armour (worn)
Jewellery
 d - a +6 ring of strength
 h - a ring of protection from cold (left hand)
Scrolls
 b - a scroll of identify
Potions
 a - a potion of curing {unknown}
 e - a potion of might

Dungeon Overview and Level Annotations

Branches:
Dungeon (3/15)

Altars:
Makhleb


Message History

The adder closely misses you.
You shoot an arrow. The arrow completely misses the adder.
The ogre shouts!
The adder bites you.
You are poisoned.
The adder poisons you!
You shoot an arrow. The arrow closely misses the adder.
You have got your breath back.
You feel sick. The adder barely misses you. The adder bites you.
1874 ||| INVOKING Spit Poison.
Aiming: Spit Poison (1% risk of failure)
Press: ? - help, Shift-Dir - straight line, f/p - adder The splash of poison hits the adder!
The adder is poisoned.
You kill the adder!
You feel sick.
You shoot an arrow. The arrow hits the ogre.
You drain the ogre.
The ogre is moderately wounded.
You feel sick.
You shoot an arrow. The arrow hits the ogre.
The ogre is moderately wounded.
You have got your breath back.
You feel sick. The dart slug launches a dart at you. The slug dart misses you.
The ogre barely misses you.
1877 ||| INVOKING Spit Poison.
Aiming: Spit Poison (1% risk of failure)
Press: ? - help, Shift-Dir - straight line, f/p - ogre The splash of poison hits the ogre!
The ogre is poisoned.
The ogre is severely wounded.
You feel sick. The dart slug launches a dart at you. The slug dart hits you.
You shoot an arrow. The arrow barely misses the ogre.
You feel sick.
You are no longer poisoned.
The ogre hits you with a +0 giant club!
You shoot an arrow. The arrow completely misses the ogre.
The ogre hits you with a +0 giant club!!
Ouch! That really hurt!
You die...

.. ..$ . ####'##.. .. ##
........# .########.
.......). .......#.
....w...#########.....#.
.)....................#.
.....).O..............#.
#)@..............#.
#.........#####'##.
#.........# #.##.
.#####.........#####.##.
..................##..#.
..................##..#.
......%...........##..#.
..................###...
.......#..........# #...


You could see an ogre (poisoned, drained) and a dart slug.

Vanquished Creatures
  A sky beast (D:3)
  An orc priest (D:3)
  3 iron imps (D:3)
  2 orc wizards (D:3)
  5 adders
  2 dart slugs
  2 orcs (D:3)
  5 bats
  3 endoplasms
  A giant cockroach (D:1)
  3 goblins
  8 hobgoblins
  4 jackals (D:2)
  3 kobolds
  2 quokkas
  13 ball pythons
  4 frilled lizards (D:1)
  4 rats
66 creatures vanquished.

Notes
Turn   | Place    | Note
-------+----------+-------------------------------------------
     0 | D:1      | qw the Naga Hunter began the quest for the Orb.
     0 | D:1      | Reached XP level 1. HP: 19/19 MP: 1/1
     0 | D:1      | 0 ||| qw: Version: 0.2-a-29-gc1b59c4
     0 | D:1      | 0 ||| qw: Game counter: 4673
     0 | D:1      | 0 ||| qw: Always use a shield: true
     0 | D:1      | 0 ||| qw: God list: Okawaru
     0 | D:1      | 0 ||| qw: Allow faded altars: false
     0 | D:1      | 0 ||| qw: Do Orc after D:15 true
     0 | D:1      | 0 ||| qw: Do second Lair branch before Depths: true
     0 | D:1      | 0 ||| qw: Lair rune preference: random
     0 | D:1      | 0 ||| qw: Plans: Normal
     0 | D:1      | 0 ||| PLANNING D:1-11
    11 | D:1      | 11 ||| INVOKING Spit Poison.
    21 | D:1      | 21 ||| INVOKING Spit Poison.
    27 | D:1      | 27 ||| INVOKING Spit Poison.
    59 | D:1      | 59 ||| INVOKING Spit Poison.
    60 | D:1      | 60 ||| INVOKING Spit Poison.
    68 | D:1      | 68 ||| INVOKING Spit Poison.
    74 | D:1      | Reached skill level 4 in Ranged Weapons
    74 | D:1      | Reached XP level 2. HP: 26/26 MP: 2/2
    75 | D:1      | Found a faded altar of an unknown god.
    76 | D:1      | 76 ||| INVOKING Spit Poison.
    81 | D:1      | 81 ||| INVOKING Spit Poison.
    85 | D:1      | 85 ||| INVOKING Spit Poison.
    85 | D:1      | HP: 5/26 [hobgoblin (3)]
    86 | D:1      | HP: 2/26 [goblin/+0 club (3)]
   210 | D:1      | 210 ||| INVOKING Spit Poison.
   240 | D:1      | 240 ||| INVOKING Spit Poison.
   329 | D:1      | 329 ||| INVOKING Spit Poison.
   332 | D:1      | 332 ||| INVOKING Spit Poison.
   333 | D:1      | Reached XP level 3. HP: 32/32 MP: 3/3
   360 | D:1      | 360 ||| INVOKING Spit Poison.
   364 | D:1      | 364 ||| INVOKING Spit Poison.
   413 | D:1      | 413 ||| INVOKING Spit Poison.
   434 | D:1      | 434 ||| INVOKING Spit Poison.
   709 | D:1      | 709 ||| UPGRADING to ring of protection from cold.
   710 | D:1      | 710 ||| READING scroll labelled WIODEP TICK.
   711 | D:1      | 711 ||| READING scroll labelled CIDORGHA ZEOSO.
   712 | D:1      | 712 ||| READING scroll labelled BYSOTHR AFIUH.
   713 | D:1      | 713 ||| READING scroll labelled CYACHA BAUSCH.
   714 | D:1      | 714 ||| DROPPING scroll of butterflies.
   785 | D:2      | 785 ||| INVOKING Spit Poison.
   807 | D:2      | 807 ||| INVOKING Spit Poison.
   808 | D:2      | 808 ||| INVOKING Spit Poison.
   815 | D:2      | 815 ||| INVOKING Spit Poison.
   822 | D:2      | 822 ||| INVOKING Spit Poison.
   829 | D:2      | 829 ||| INVOKING Spit Poison.
   832 | D:2      | 832 ||| INVOKING Spit Poison.
   841 | D:2      | 841 ||| INVOKING Spit Poison.
   843 | D:2      | Reached skill level 5 in Ranged Weapons
   843 | D:2      | Reached XP level 4. HP: 39/39 MP: 4/4
   853 | D:2      | 853 ||| INVOKING Spit Poison.
   859 | D:2      | 859 ||| INVOKING Spit Poison.
   863 | D:2      | 863 ||| INVOKING Spit Poison.
   867 | D:2      | 867 ||| INVOKING Spit Poison.
   925 | D:2      | 925 ||| INVOKING Spit Poison.
   937 | D:2      | 937 ||| INVOKING Spit Poison.
   970 | D:2      | 970 ||| INVOKING Spit Poison.
  1324 | D:2      | 1324 ||| INVOKING Spit Poison.
  1441 | D:2      | 1441 ||| INVOKING Spit Poison.
  1530 | D:2      | 1530 ||| READING 2 scrolls labelled GIXIARIADO.
  1531 | D:2      | 1531 ||| READING scroll of enchant weapon.
  1531 | D:2      | 1531 ||| ENCHANTING +1 shortbow of draining.
  1532 | D:2      | 1532 ||| READING 3 scrolls labelled BANETHR QI OKOU.
  1533 | D:2      | 1533 ||| READING 5 scrolls labelled OGEAWU ILEEVO.
  1534 | D:2      | 1534 ||| READING scroll labelled KIFFYXZUBUME.
  1538 | D:2      | 1538 ||| READING 2 scrolls of identify.
  1538 | D:2      | 1538 ||| IDENTIFYING metallic puce potion
  1539 | D:2      | 1539 ||| DROPPING 4 scrolls of blinking.
  1562 | D:3      | Identified the +2 war axe of Damiafin {freeze, rF+}
  1636 | D:3      | Found a burning altar of Makhleb.
  1660 | D:3      | Reached skill level 3 in Fighting
  1662 | D:3      | Reached XP level 5. HP: 49/49 MP: 5/5
  1724 | D:3      | 1724 ||| INVOKING Spit Poison.
  1828 | D:3      | 1828 ||| INVOKING Spit Poison.
  1843 | D:3      | 1843 ||| INVOKING Spit Poison.
  1847 | D:3      | 1847 ||| INVOKING Spit Poison.
  1851 | D:3      | Reached skill level 6 in Ranged Weapons
  1851 | D:3      | Reached XP level 6. HP: 46/56 MP: 6/6
  1852 | D:3      | Noticed a sky beast
  1854 | D:3      | 1854 ||| INVOKING Spit Poison.
  1857 | D:3      | 1857 ||| INVOKING Spit Poison.
  1863 | D:3      | 1863 ||| INVOKING Spit Poison.
  1863 | D:3      | Killed a sky beast
  1868 | D:3      | 1868 ||| INVOKING Spit Poison.
  1874 | D:3      | 1874 ||| INVOKING Spit Poison.
  1877 | D:3      | 1877 ||| INVOKING Spit Poison.
  1879 | D:3      | Mangled by an ogre

Levels and vault maps discovered:
D:1:      amcnicky_arrival_feature_with_door, layout_basic,
          basic_ecumenical_altar
D:2:      layout_basic
D:3:      layout_basic, demons_altar

Skill      XL: |  1  2  3  4  5  6 |
---------------+-------------------+-----
Ranged Weapons | 4 5 6 |  6.2
Fighting       | 3 4 |  4.1
Dodging        | |  1.5
Stealth        | |  1.5

Action                     |  1- 3 |  4- 6 || total
---------------------------+-------+-------++-------
   Fire: Shortbow          |    56 |    85 ||   141
Ability: Spit Poison       |    23 |    19 ||    42
    Use: Scroll            |     4 |     6 ||    10
 Armour: Leather armour    |     7 |     6 ||    13
  Dodge: Dodged            |     8 |    12 ||    20

Table legend:
 A = Non-vault XP
 B = Vault XP
 C = Vault XP percentage of total XP
 D = Non-vault monster count
 E = Vault monster count
 F = Vault count percentage of total count
                 A         B        C        D         E       F
            +---------+---------+-------+---------+---------+-------
      Total |     399 |     121 |  23.3 |      63 |       3 |   4.5
            +---------+---------+-------+---------+---------+-------
        D:1 |      42 |       0 |   0.0 |      26 |       0 |   0.0
        D:2 |      72 |       0 |   0.0 |      21 |       0 |   0.0
        D:3 |     285 |     121 |  29.8 |      16 |       3 |  15.8
            +---------+---------+-------+---------+---------+-------
